 Dungeon Crawl Stone Soup version 0.30.1-4-g462c640d31 (webtiles) character file.

Game seed: 17664071354907443684

761491 sizableburger the Phalangite (level 27, -13/240 HPs)
             Began as a Demonspawn Reaver on Sept 10, 2023.
             Was the Champion of Ashenzari.
             Killed from afar by a Brimstone Fiend (31 damage)
             ... with damnation
             ... on level 7 of Gehenna on Sept 17, 2023.
             The game lasted 05:12:38 (88466 turns).

sizableburger the Phalangite (Demonspawn Reaver)   Turns: 88466, Time: 05:12:39

Health: -13/240    AC: 47    Str: 25    XL:     27
Magic:  51/51      EV: 20    Int: 29    God:    Ashenzari [******]
Gold:   1663       SH:  0    Dex: 17    Spells: 8/66 levels left

rFire   + . .        L - +5 Lochaber axe {reach-cleave, Poleaxe Drain, Alch, Self} (curse)
rCold   . . .        (shield currently unavailable)
rNeg    . . .        O - +8 plate armour "Gaze Upon Infinity" {rF+, Fort, Comp} (curse)
rPois   .            v - +2 helmet "Thunder Perfect Mind" {Elem, Comp} (curse)
rElec   +            D - +4 dragonskin cloak {Bglg, Elem} (curse)
rCorr   .            (gloves unavailable)
SInv    +            H - +0 pair of boots of the Perceptive Sybil {MP+9 Str+2 Int+3, Self, Comp} (curse)
Will    ++...        V - amulet of Vitality {RegenMP++ Regen++, Self, Cun} (curse) Stlth
                     h - ring of Curses and Power {Str+3 Int+6 Dex+4, Fort, Elem} (curse)
HPRegen 2.20/turn    K - ring of the Shattered Vision {AC+4, Self, Fort} (curse)
MPRegen 1.12/turn

%: clarity
@: agile, fire vulnerable, studying 2 skills, unable to read, unable to drink
A: claws 3, thin metallic scales 3, icemail 2, powered by pain 3, condensation
shield, corrupting presence 2, word of chaos, clarity, fire resistance 1, low MP
1, mutation resistance 1, subdued magic 1, inability to drink after injury 2
}: 5/15 runes: barnacled, slimy, silver, abyssal, gossamer
a: Word of Chaos, Renounce Religion, Shatter the Chains


You were on level 7 of Gehenna.
You worshipped Ashenzari.
Ashenzari was exalted by your worship.
You visited 13 branches of the dungeon, and saw 60 of its levels.
You visited the Abyss 3 times.
You visited 1 bazaar.
You also visited: Sewer.

You collected 9537 gold pieces.
You spent 7874 gold pieces at shops.

Inventory:

Hand Weapons
 L - the cursed +5 Lochaber axe (weapon) {reach-cleave, Poleaxe Drain, Alch, Self}
   (You bought it in a shop on level 1 of the Elven Halls)

   Poleaxe:   It uses either Axes or Polearms skill, whichever is higher.
   Drain:     It drains your maximum health when unequipped.
   It has a curse which improves the following skills: Alchemy: Poison Magic and
   Transmutations.
   Introspection: Fighting and Spellcasting.
Missiles
 e - 8 throwing nets
 r - 22 curare-tipped darts
Armour
 v - the cursed +2 helmet "Thunder Perfect Mind" (worn) {Elem, Comp}
   (You found it on level 5 of the Vaults)

   It has a curse which improves the following skills: Elements: Fire Magic, Ice
   Magic, Air Magic and Earth Magic.
   Companions: Summonings and Necromancy.
 D - the cursed +4 dragonskin cloak (worn) {Bglg, Elem}
   (You took it off Tiamat on level 1 of the Realm of Zot)

   Avatar's Aegis: It grants the wearer a chance to resist fire, cold, poison,
   electricity, acid, and negative energy.
   It has a curse which improves the following skills: Beguiling: Conjurations,
   Hexes and Translocations.
   Elements:  Fire Magic, Ice Magic, Air Magic and Earth Magic.
 H - the cursed +0 pair of boots of the Perceptive Sybil (worn) {MP+9 Str+2 Int+3, Self, Comp}
   (You found it on level 3 of the Dungeon)

   Str:       It affects your strength (+2).
   Int:       It affects your intelligence (+3).
   MP:        It affects your magic capacity (+9).
   It has a curse which improves the following skills: Introspection: Fighting
   and Spellcasting.
   Companions: Summonings and Necromancy.
 O - the cursed +8 plate armour "Gaze Upon Infinity" (worn) {rF+, Fort, Comp}
   (You bought it in a shop on level 1 of the Vaults)

   It has a curse which improves the following skills: Fortitude: Armour and
   Shields.
   Companions: Summonings and Necromancy.
Jewellery
 h - the cursed ring of Curses and Power (left claw) {Str+3 Int+6 Dex+4, Fort, Elem}
   (You bought it in a shop on level 2 of the Orcish Mines)

   [ring of intelligence]

   Str:       It affects your strength (+3).
   Int:       It affects your intelligence (+6).
   Dex:       It affects your dexterity (+4).
   It has a curse which improves the following skills: Fortitude: Armour and
   Shields.
   Elements:  Fire Magic, Ice Magic, Air Magic and Earth Magic.
 i - a ring of poison resistance
 m - the ring of Monotheism {+Blink Fly rPois Str-3}
   (You found it on level 4 of the Realm of Zot)

   [ring of poison resistance]

   Str:       It affects your strength (-3).
   rPois:     It protects you from poison.
   Fly:       It grants you flight.
   +Blink:    It lets you blink.
 q - a ring of protection from cold
 B - a ring of willpower
 C - the ring of Qasaha {Wiz Int+2 Slay+2 Stlth+}
   (You found it on level 13 of the Dungeon)

   [ring of wizardry]

   It improves your spell success rate.
   Int:       It affects your intelligence (+2).
   Slay:      It affects your accuracy & damage with ranged weapons and melee
   (+2).
   Stlth:     It makes you more stealthy.
 F - the ring "Motyacwod" {rPois Dex+5}
   (You took it off an orc knight on level 5 of the Vaults)

   [ring of poison resistance]

   Dex:       It affects your dexterity (+5).
   rPois:     It protects you from poison.
 K - the cursed ring of the Shattered Vision (right claw) {AC+4, Self, Fort}
   (You found it on level 2 of the Lair of Beasts)

   [ring of protection]

   AC:        It affects your AC (+4).
   It has a curse which improves the following skills: Introspection: Fighting
   and Spellcasting.
   Fortitude: Armour and Shields.
 N - the ring "Edaebil" {Contam rF+ rCorr MP+9}
   (You found it on level 3 of the Vaults)

   [ring of magical power]

   rF:        It protects you from fire.
   MP:        It affects your magic capacity (+9).
   Contam:    It causes magical contamination when unequipped.
   rCorr:     It protects you from acid and corrosion.
 V - the cursed amulet of Vitality (around neck) {RegenMP++ Regen++, Self, Cun}
   (You bought it in a shop on level 1 of the Elven Halls)

   [amulet of magic regeneration]

   It increases your rate of magic regeneration.
   Regen:     It increases your rate of health regeneration.
   It has a curse which improves the following skills: Introspection: Fighting
   and Spellcasting.
   Cunning:   Dodging and Stealth.
Wands
 f - a wand of digging (16)
 k - a wand of roots (30)
 p - a wand of mindburst (39)
 y - a wand of flame (91)
 G - a wand of acid (12)
 J - a wand of paralysis (28)
 Q - a wand of polymorph (26)
Scrolls
 b - 11 scrolls of fog
 c - 10 scrolls of immolation
 d - 15 scrolls of amnesia
 l - 2 scrolls of enchant armour
 n - 15 scrolls of poison
 o - 13 scrolls of teleportation
 s - a scroll of blinking
 I - 3 scrolls of butterflies
 R - 5 scrolls of fear
 T - 11 scrolls of magic mapping
 U - 4 scrolls of silence
Potions
 g - 2 potions of resistance
 j - 9 potions of lignification
 t - a potion of haste
 u - 5 potions of magic
 w - a potion of cancellation
 x - 6 potions of mutation
 z - 10 potions of ambrosia
 A - 19 potions of curing
 E - a potion of heal wounds
 M - 11 potions of flight
 S - 9 potions of brilliance
 W - 7 potions of might
 Y - 3 potions of invisibility
Miscellaneous
 a - a phantom mirror


   Skills:
 + Level 19.2(24.6) Fighting
 - Level 26.0 Polearms
 + Level 16.4(21.0) Armour
 + Level 12.6(15.0) Dodging
 - Level 14.6(20.2) Spellcasting
 - Level 18.0(20.2) Conjurations
 - Level 2.1(4.0) Hexes
 - Level 12.2(16.9) Summonings
 - Level 13.3(18.0) Necromancy
 - Level 2.8(4.9) Translocations
 - Level 7.0(11.7) Ice Magic
 - Level 7.7(12.4) Air Magic
 - Level 5.0(9.4) Earth Magic
 + Level 15.7 Evocations


You had 8 spell levels left.
You knew the following spells:

 Your Spells              Type           Power      Damage    Failure   Level
b - Momentum Strike       Conj/Tloc      100%       3d10      1%          2
c - Cigotuvi's Dreadful   Necr/Pois/Air  100%       N/A       1%          2
d - Freezing Cloud        Conj/Ice/Air   36%        6-21      1%          5
e - Anguish               Hex/Necr       32%        N/A       1%          4
f - Volatile Blastmotes   Fire/Tloc      70%        2d15      4%          3
g - Conjure Ball Lightni  Conj/Air       38%        3x3d12    1%          6
h - Summon Ice Beast      Ice/Summ       72%        N/A       1%          4
i - Death Channel         Necr           40%        N/A       1%          6
j - Borgnjor's Vile Clut  Necr/Erth      35%        N/A       1%          5
k - Orb of Destruction    Conj           42%        9d12      1%          7
l - Haunt                 Necr/Summ      39%        N/A       3%          7
m - Spellforged Servitor  Conj/Summ      40%        N/A       1%          7

Your spell library contained the following spells:

 Spells                   Type           Power      Damage    Failure   Level
 Kiss of Death            Conj/Necr      100%       2d13      0%          1
 Magic Dart               Conj           100%       1d8       0%          1
 Necrotise                Necr           100%       1d9       0%          1
 Summon Small Mammal      Summ           100%       N/A       0%          1
 Searing Ray              Conj           100%       2d8       0%          2
 Static Discharge         Conj/Air       100%       2-7/arc   0%          2
 Sublimation of Blood     Necr           80%        N/A       0%          2
 Call Canine Familiar     Summ           78%        N/A       0%          3
 Hailstorm                Conj/Ice       76%        3d16      0%          3
 Vampiric Draining        Necr           80%        2d11      0%          3
 Apportation              Tloc           88%        N/A       1%          1
 Foxfire                  Conj/Fire      100%       2x1d9     1%          1
 Sandblast                Erth           100%       2d20      1%          1
 Slow                     Hex            100%       N/A       1%          1
 Ensorcelled Hibernation  Hex/Ice        100%       N/A       1%          2
 Lesser Beckoning         Tloc           88%        N/A       1%          2
 Passwall                 Tmut/Erth      36%        N/A       1%          2
 Poisonous Vapours        Pois/Air       100%       N/A       1%          2
 Frozen Ramparts          Ice            100%       1d16      1%          3
 Gell's Gravitas          Tloc           44%        N/A       1%          3
 Mephitic Cloud           Conj/Pois/Air  64%        N/A       1%          3
 Ozocubu's Armour         Ice            66%        N/A       1%          3
 Stone Arrow              Conj/Erth      100%       3d13      1%          3
 Summon Guardian Golem    Hex/Summ       62%        N/A       1%          3
 Teleport Other           Tloc           44%        N/A       1%          3
 Vhi's Electric Charge    Tloc/Air       100%       N/A       1%          3
 Airstrike                Air            33%        2d(5-21)  1%          4
 Animate Dead             Necr           80%        N/A       1%          4
 Dispel Undead            Necr           80%        3d26      1%          4
 Flame Wave               Conj/Fire      62%        2d14      1%          4
 Fulminant Prism          Conj/Hex       33%        3d15      1%          4
 Iskenderun's Mystic Bla  Conj/Tloc      68%        2d14      1%          4
 Summon Lightning Spire   Summ/Air       73%        N/A       1%          4
 Agony                    Necr           80%        N/A       1%          5
 Arcjolt                  Conj/Air       38%        1d48      1%          5
 Fireball                 Conj/Fire      31%        3d13      1%          5
 Iskenderun's Battlesphe  Conj           85%        2d13      1%          5
 Summon Forest            Summ/Tloc      31%        N/A       1%          5
 Summon Mana Viper        Hex/Summ       62%        N/A       1%          5
 Iron Shot                Conj/Erth      36%        9d7       1%          6
 Simulacrum               Ice/Necr       36%        N/A       1%          6
 Summon Cactus Giant      Summ           39%        N/A       1%          6
 Confusing Touch          Hex            40%        N/A       2%          3
 Portal Projectile        Hex/Tloc       84%        N/A       2%          3
 Tukima's Dance           Hex            40%        N/A       2%          3
 Lee's Rapid Deconstruct  Erth           30%        3d16*     2%          5
 Leda's Liquefaction      Hex/Erth       25%        N/A       3%          4
 Monstrous Menagerie      Summ           39%        N/A       3%          7
 Summon Hydra             Summ           39%        N/A       3%          7
 Beastly Appendage        Tmut           48%        N/A       4%          1
 Ice Form                 Ice/Tmut       49%        N/A       4%          4
 Silence                  Hex/Air        28%        N/A       4%          5
 Scorch                   Fire           50%        2d7       5%          2
 Inner Flame              Hex/Fire       33%        N/A       5%          3
 Metabolic Englaciation   Hex/Ice        27%        N/A       5%          5
 Wereblood                Tmut           24%        N/A       7%          2
 Petrify                  Tmut/Erth      44%        N/A       7%          4
 Starburst                Conj/Fire      31%        6d9       11%         6
 Ignite Poison            Fire/Tmut/Pois 24%        N/A       13%         3
 Spider Form              Tmut/Pois      24%        N/A       14%         3
 Borgnjor's Revivificati  Necr           40%        N/A       22%         8
 Olgreb's Toxic Radiance  Pois           24%        N/A       45%         4
 Plasma Beam              Fire/Air       25%        2x1d41    50%         6
 Yara's Violent Unravell  Hex/Tmut       16%        3d8       54%         5
 Statue Form              Tmut/Erth      29%        N/A       75%         6
 Blade Hands              Tmut           12%        N/A       80%         5
 Maxwell's Capacitive Co  Air            33%        ∞         92%         8
 Storm Form               Tmut/Air       25%        N/A       98%         7
 Enfeeble                 Hex            20%        N/A       100%        7
 Discord                  Hex            20%        N/A       100%        8
 Ignition                 Fire           12%        3d6       100%        8
 Shatter                  Erth           30%        3d25*     100%        9


Dungeon Overview and Level Annotations

Branches:
Dungeon (15/15)            Temple (1/1) D:4            Lair (5/5) D:9
 Shoals (4/4) Lair:3       Spider (4/4) Lair:2        Slime (5/5) Lair:4
    Orc (2/2) D:12            Elf (2/3) Orc:2        Vaults (5/5) D:14
  Crypt (0/3) Vaults:2     Depths (4/4) D:15           Hell (visited)
    Dis (0/7) Hell            Geh (7/7) Hell            Coc (0/7) Hell
    Tar (0/7) Hell            Zot (5/5) Depths:4      Sewer (visited)

Altars:
Ashenzari
Cheibriados
Dithmenos
Fedhas
Gozag
Hepliaklqana
Kikubaaqudgha
Makhleb
Nemelex Xobeh
Okawaru
Qazlal
Ru
Sif Muna
Trog
Uskayaw
Vehumet
Wu Jian
Xom
Yredelemnul
Jiyva
Lugonu

Shops:
D:6 (   D:10 *   Orc:2 ([?=   Elf:1 !([=   Elf:2 [   Shoals:3 ![!   Vaults:1 [
Vaults:2 !   Vaults:3 !   Vaults:4 !   Zot:4 *   Depths:1 :=:   Depths:3 (

Portals:
Hell: Depths:1 Depths:2 Depths:3 Depths:4
Abyss: Lair:3 Depths:3
Pandemonium: Depths:2
Ziggurat: Depths:1

Annotations:
D:13 1 runed translucent door, kingsuperguy's ghost, journeyman HOMo
Depths:2 2 transporters, exclusion: obsidian statue


Innate Abilities, Weirdness & Mutations

You have claws for hands.
You are completely covered in thin metallic scales. (AC +4, rElec)
A meltable icy envelope protects you from harm. (AC +0)
You are powered by pain.
A meltable shield of frost defends you. (SH +0)
Your presence sometimes corrodes or deforms those you injure.
You can speak a Word of Chaos.
You possess an exceptional clarity of mind.
Your flesh is heat resistant. (rF+)
Your magical capacity is low. (-10% MP)
You are somewhat resistant to further mutation.
Your spells are a little easier to cast, but a little less powerful.
You sometimes lose the ability to drink potions when taking damage.


Message History

Something smites you!
A molten gargoyle comes into view. It is wielding a +0 flail.
The balrug gestures at you.
The fireball explodes!
The fireball engulfs you. You resist.
The Brimstone Fiend calls on the powers of darkness!
Your body is wracked with pain!
* * * LOW HITPOINT WARNING * * *
The Brimstone Fiend calls on the powers of darkness!
Your body is wracked with pain!
* * * LOW HITPOINT WARNING * * *
You focus on the pain.
You feel agile all of a sudden.
Unknown command.
You cannot drink potions in your current state!
Okay, then.
Okay, then.
The molten gargoyle blasts magma at you!
The bolt of magma hits you but does no damage.
The balrug gestures at you.
The sticky flame hits you but does no damage.
You are covered in liquid flames!
There is an open door here.
You are covered in liquid flames!
* * * LOW HITPOINT WARNING * * *
The molten gargoyle blasts magma at you!
The bolt of magma hits you. You partially resist.
* * * LOW HITPOINT WARNING * * *
The Brimstone Fiend calls on the powers of darkness!
Your body is wracked with pain!
* * * LOW HITPOINT WARNING * * *
You close the door.
You are covered in liquid flames!
* * * LOW HITPOINT WARNING * * *
You cannot drink potions in your current state!
You are covered in liquid flames!
* * * LOW HITPOINT WARNING * * *
A molten gargoyle breaks down the door.
A Brimstone Fiend breaks down the door.
The Brimstone Fiend gestures at you.
The sphere of damnation explodes!
The damnation engulfs you!!
You die...

~~ ~ ~ *#..!..)!..'§§ *
~~ * , ~~~ ,
#.###.###.#§§ * ~ ~~~ ,
~~~* ~
,*#..!...[..'§§~~ ~~~~
~ ~, ~ * *#......{..#≈≈
~ ~ ~ ~, ~~
,,*###...1.###~ ~ ≈≈* ~
~ , ##+#'#9##{~ ~{ ~~
≈≈##≈§§§≈≈..##.......#~
~ ~~
≈≈≈≈≈≈~≈≈§§.##.##.##.+
~ ~~~ ~~ .≈≈§§#
#§§§.##..@....+ ~ ~~~~
§≈≈§≈# #§§#.##.......#~
~ ~ ~~~
§≈≈§§###§≈..####...###
~ ~ *
≈≈≈≈§§≈≈≈≈..####'#'##
~~ ~
#..≈≈≈≈≈≈≈≈..##..)..#~
~ ~ ~~
......#†.≈≈..##..#..+
~~ ~~~ ~
##..†.).)†§..##.....#
~~ ~ ~~ ~
#######†.....###.### ~
~~~~ ~ ~ *****
#####....#'#.###~~ ~~ ~


You could see a Brimstone Fiend and a molten gargoyle.

Vanquished Creatures
  Tiamat (Zot:1)
  3 dread liches
  7 orbs of fire
  Mara (Depths:1)
  2 ancient liches (Zot:5)
  Mennas (Depths:3)
  A juggernaut (Depths:4)
  Parghit (Depths:3)
  4 Killer Klowns
  Margery (Vaults:2)
  4 curse toes
  Geryon (Hell)
  Jory (Depths:4)
  Nikola (Spider:4)
  11 golden dragons
  3 bone dragons
  A Tzitzimitl (Depths:4)
  2 doom hounds (Depths:4)
  A Brimstone Fiend (Geh:5)
  Jorgrun (D:15)
  3 electric golems
  An iron giant (Depths:2)
  18 tentacled monstrosities
  8 hellephants
  4 liches
  23 Orb Guardians
  22 searing wretches
  3 titans
  Grunn (Zot:1)
  10 quicksilver dragons
  15 acid blobs
  6 ancient champions (Hell)
  2 krakens (Shoals:1)
  An Executioner (Abyss:3)
  11 sphinxes
  5 tentacled starspawn
  6 death cobs
  The ghost of frimble the Victor of a Thousand Battles, an adept DsGl of Okawaru (Depths:2)
  Kirke (Lair:3)
  The ghost of Vacerub the Brawler, an adept TrMo of Nemelex Xobeh (Depths:2)
  The ghost of Barug the Brawler, an adept TrMo of Nemelex Xobeh (Depths:2)
  A thorn hunter (Abyss:3)
  Agnes (Elf:1)
  12 storm dragons
  8 shadow dragons
  6 tengu reavers
  Ilsuiw (Shoals:3)
  2 draconian monks
  3 rockslimes
  11 azure jellies
  Donald (Shoals:3)
  4 draconian knights
  13 fire giants
  6 emperor scorpions
  2 draconian scorchers
  Aizul (Vaults:2)
  7 balrugs
  11 frost giants
  A fire giant (shapeshifter) (Depths:2)
  4 ghost moths
  3 iron dragons
  2 orc warlords
  24 vault wardens
  Louise (Shoals:4)
  14 ironbound preservers
  The ghost of Bananafolds the Warrior, a journeyman MfSk of Makhleb (Lair:4)
  10 draconian shifters
  3 deep elf sorcerers
  15 quicksilver oozes
  5 draconian stormcallers
  3 draconian annihilators
  2 spriggan defenders
  2 war gargoyles (Vaults:3)
  A cacodemon (Vaults:3)
  8 vampire knights
  11 stone giants
  18 very ugly things
  6 white draconians
  2 broodmothers
  10 reapers
  5 ironbound thunderhulks
  16 green draconians
  A putrid mouth (Depths:4)
  10 black draconians
  7 purple draconians
  3 deep elf demonologists
  A wendigo (Hell)
  2 deep elf annihilators
  8 red draconians
  10 dire elephants
  2 spark wasps (Spider:4)
  2 eidola
  9 yellow draconians
  7 ettins
  4 deep elf death magi
  5 fire dragons
  11 merfolk impalers
  2 crystal guardians (Vaults:1)
  9 merfolk javelineers
  Josephine (Spider:1)
  4 deep elf high priests
  An entropy weaver (shapeshifter) (Vaults:4)
  10 yaktaur captains
  13 hydras
  5 rakshasas
  13 entropy weavers
  3 ice dragons
  Erolcha (D:9)
  A spriggan zombie (Hell)
  12 great orbs of eyes
  Harold (Lair:1)
  27 vault guards
  6 spriggan air magi
  2 peacekeepers
  A caustic shrike simulacrum (Hell)
  4 ogre magi
  8 salamander tyrants
  4 jorogumos
  4 merfolk aquamancers (Shoals:4)
  10 stokers
  9 centaur warriors
  12 boulder beetles
  4 merfolk avatars
  2 catoblepae
  2 radroaches
  9 ironbound frosthearts
  2 death knights
  3 alligator snapping turtles (Shoals:3)
  7 death yaks
  5 satyrs
  4 deep troll shamans
  6 deep troll earth magi
  A death scarab (Spider:4)
  10 tengu warriors
  15 dancing weapons
  18 hell hogs
  7 two-headed ogres
  A vampire mage (Vaults:2)
  4 spriggan berserkers
  3 thrashing horrors
  5 orc high priests (Orc:2)
  A spectral dire elephant (Geh:3)
  5 sun demons
  6 deep elf knights
  5 spriggans
  12 hell knights
  A titan skeleton (Hell)
  5 wretched stars
  4 skysharks
  7 iron trolls
  A soul eater (Depths:3)
  A death drake (shapeshifter) (Vaults:2)
  A bunyip zombie (Hell)
  4 sixfirhies
  6 sea snakes
  2 shadow wraiths (Hell)
  7 pharaoh ants
  33 deep trolls
  2 sun moths (Spider:3)
  A swamp dragon (Abyss:3)
  Amaemon (Lair:1)
  8 deep elf archers
  11 orb spiders
  A flayed ghost (Vaults:1)
  4 glowing orange brains
  3 phantasmal warriors
  Pikel (D:5)
  7 wizards
  4 lindwurms
  15 harpies
  6 steelbarb worms
  15 ironbound convokers
  3 orc knights
  6 shining eyes
  15 deep elf zephyrmancers
  8 necromancers
  6 deep elf pyromancers
  A frost giant zombie (Depths:1)
  2 human zombies (Vaults:3)
  A cyclops (shapeshifter) (Vaults:4)
  5 cyclopes
  12 fauns
  A fire giant zombie (Depths:1)
  28 wolf spiders
  3 orc sorcerers
  A shining eye (shapeshifter) (Vaults:5)
  44 ugly things
  An oklob plant (Spider:4)
  19 manticores
  4 worldbinders
  10 merfolk sirens
  A spectral ettin (Geh:3)
  An elephant (shapeshifter) (Depths:4)
  30 moths of wrath
  A stone giant zombie (Vaults:3)
  6 black mambas
  11 vault sentinels
  6 water nymphs
  9 apocalypse crabs
  A black mamba (shapeshifter) (Vaults:4)
  11 elephants (Lair:5)
  2 rust devils
  2 unseen horrors (D:11)
  A torpor snail (Lair:3)
  5 demonic crawlers
  7 orange demons
  An unseen horror zombie (D:7)
  6 molten gargoyles
  Psyche (D:11)
  18 cane toads
  5 smoke demons
  2 hellions
  3 rime drakes
  An efreet (D:14)
  An unseen horror (shapeshifter) (D:14)
  7 komodo dragons
  4 freezing wraiths
  A kobold demonologist (D:11)
  4 tormentors
  A gargoyle (D:11)
  40 yaktaurs
  A spectral harpy (Geh:3)
  9 tengu conjurers
  3 ancient zymes
  A yaktaur (shapeshifter) (Vaults:4)
  3 ice devils (Depths:3)
  A red devil (Hell)
  A yaktaur skeleton (Vaults:3)
  7 trolls
  3 polar bears
  2 hellwings
  A queen bee (D:14)
  14 starcursed masses
  6 wind drakes
  29 merfolk
  15 meliai
  A wind drake (shapeshifter) (D:13)
  14 hornets
  25 tarantellas
  14 blink frogs
  4 tyrant leeches (Depths:1)
  A raiju (Abyss:2)
  A snapping turtle (shapeshifter) (Depths:1)
  A slime creature (shapeshifter) (Vaults:4)
  32 jumping spiders
  13 dream sheep
  A human simulacrum (Vaults:3)
  9 snapping turtles
  A dream sheep (shapeshifter) (Vaults:4)
  106 slime creatures
  2 shadows
  20 culicivoras
  A human (shapeshifter) (Vaults:4)
  10 wyverns
  A centaur simulacrum (D:14)
  2 ynoxinuls
  6 air elementals
  A fire elemental (Depths:1)
  25 water elementals
  10 wraiths
  Eustachio (D:4)
  39 yaks
  13 golden eyes
  A hog (Lair:3)
  14 basilisks
  5 vampire mosquitoes
  8 large abominations
  A steam dragon (Lair:5)
  80 redbacks
  A chaos spawn (Abyss:2)
  7 wargs (Orc:2)
  4 hell hounds
  7 acid dragons
  A hydra simulacrum (Hell)
  A floating eye (Depths:3)
  14 water moccasins
  A floating eye (shapeshifter) (Depths:4)
  A glowing shapeshifter skeleton (Depths:1)
  15 orc warriors
  An ice beast (D:5)
  A hornet zombie (D:7)
  A black bear (D:7)
  7 ogres
  4 boggarts
  2 lemures (D:5)
  11 wolves
  10 centaurs
  5 kobold brigands
  7 scorpions
  10 bullfrogs
  A gnoll sergeant (D:6)
  6 wights
  A hornet simulacrum (D:15)
  29 killer bees
  2 electric eels
  3 howler monkeys
  8 small abominations
  A centaur zombie (D:7)
  5 lava snakes (Lair:5)
  2 crimson imps
  2 bullfrog zombies (D:7)
  2 quasits
  3 hounds
  Crazy Yiuf (D:3)
  42 orc priests
  3 jellies
  3 iguanas
  9 iron imps
  4 sleepcaps
  16 orc wizards
  9 hell rats
  A boggart simulacrum (D:14)
  Robin (D:4)
  5 gnolls
  2 howler monkey zombies (D:7)
  13 adders
  12 river rats
  A shadow imp (D:5)
  2 white imps
  An ufetubus (D:4)
  A worm (D:5)
  3 dart slugs
  87 orcs
  12 ball pythons
  11 endoplasms
  7 giant cockroaches
  10 goblins
  12 hobgoblins
  18 jackals
  39 kobolds
  5 quokkas
  4 bats
  6 frilled lizards
  22 rats
  A butterfly (Lair:3)
  3 creeping infernos
  24 fire vortices
  9 starspawn tentacles
  A tentacle (Shoals:1)
2475 creatures vanquished.

Vanquished Creatures (collateral kills)
  the Royal Jelly (Slime:5)
  An ancient lich (Zot:5)
  4 orbs of fire (Zot:5)
  A Killer Klown (Zot:5)
  Sojobo (Vaults:4)
  2 golden dragons
  Rupert (Lair:3)
  A hellephant (Hell)
  2 Orb Guardians (Zot:5)
  2 acid blobs
  An azure jelly (Slime:5)
  4 fire giants
  A draconian scorcher (Zot:4)
  A frost giant (Depths:4)
  A ghost moth (Spider:4)
  A vault warden (Vaults:1)
  A balrug (Geh:3)
  2 draconian annihilators
  2 stone giants
  7 very ugly things
  2 quicksilver oozes
  A black draconian (Zot:2)
  A white draconian (Zot:4)
  A dire elephant (Vaults:1)
  A green death (Hell)
  2 fire dragons
  An entropy weaver (Spider:4)
  2 great orbs of eyes
  2 vault guards (Vaults:5)
  A yaktaur captain (D:14)
  A salamander tyrant (Geh:2)
  A hydra (Depths:3)
  A jorogumo (Spider:4)
  A radroach (Spider:4)
  A boulder beetle (Spider:4)
  A deep troll earth mage (Depths:4)
  2 hell hogs
  A spriggan berserker (Depths:1)
  A deep troll shaman (Depths:4)
  4 hell knights
  An iron troll (Depths:2)
  4 orb spiders (Spider:4)
  A glowing orange brain (Depths:4)
  9 deep trolls
  2 ironbound convokers (Vaults:2)
  A wizard (Vaults:2)
  2 deep elf pyromancers (Elf:1)
  A harpy (Vaults:2)
  A necromancer (Hell)
  An orc knight (Vaults:5)
  A wolf spider (Spider:4)
  3 moths of wrath
  5 ugly things
  A salamander (Depths:1)
  A vault sentinel (Vaults:2)
  2 molten gargoyles (Hell)
  2 smoke demons (Hell)
  4 yaktaurs
  An orange demon (Geh:2)
  A red devil (Hell)
  2 tarantellas (Spider:4)
  4 jumping spiders (Spider:4)
  5 culicivoras (Spider:4)
  7 slime creatures
  6 redbacks
  2 acid dragons (Spider:4)
  3 hell hounds (Hell)
  An orc warrior (Vaults:5)
  An iron imp (Geh:2)
140 creatures vanquished.

Vanquished Creatures (others)
  A ghost moth (Zot:4)
  A draconian stormcaller (Zot:4)
  A very ugly thing (Vaults:5)
  A yellow draconian (Zot:4)
  A merfolk impaler (Shoals:3)
  3 vault guards (Vaults:5)
  3 stokers (Geh:3)
  A deep elf knight (Elf:1)
  An orb spider (Spider:4)
  A water nymph (Shoals:4)
  An apocalypse crab (Zot:4)
  A yaktaur (Vaults:1)
  A merfolk (Shoals:1)
  A culicivora (Spider:1)
  A centaur (D:14)
  A goblin (D:4)
  18 ball lightnings
  A butterfly (Depths:4)
  3 lurking horrors
  17 starspawn tentacles
  3 tentacles (Shoals:1)
62 creatures vanquished.

Grand Total: 2677 creatures vanquished

Notes
Turn   | Place    | Note
-------+----------+-------------------------------------------
     0 | D:1      | sizableburger the Demonspawn Reaver began the quest for the
                  | Orb.
     0 | D:1      | Reached XP level 1. HP: 16/16 MP: 3/3
   230 | D:1      | Gained mutation: You sometimes gain a little power by
                  | taking damage. [demonic ancestry]
   230 | D:1      | Reached XP level 2. HP: 18/22 MP: 5/5
   314 | D:1      | Reached skill level 1 in Necromancy
   421 | D:1      | Reached skill level 3 in Polearms
   619 | D:1      | Reached XP level 3. HP: 28/28 MP: 6/6
  1189 | D:1      | Learned a level 2 spell: Momentum Strike
  1573 | D:2      | Identified the +4 whip "Ypear" {heavy, +Blink Will+}
  1888 | D:2      | Gained mutation: A meltable shield of frost defends you.
                  | (SH +0) [demonic ancestry]
  1888 | D:2      | Reached XP level 4. HP: 30/30 MP: 7/7
  2275 | D:3      | Reached skill level 1 in Translocations
  2362 | D:3      | Reached XP level 5. HP: 31/41 MP: 5/8
  2475 | D:3      | Identified the +0 pair of boots of the Cuttlefish {MP+9
                  | Str+2 Int+3}
  2521 | D:3      | Found an opulent altar of Gozag.
  2729 | D:3      | Found a runed translucent door.
  2730 | D:3      | Noticed Crazy Yiuf
  2739 | D:3      | Killed Crazy Yiuf
  3028 | D:4      | Noticed Eustachio
  3123 | D:4      | Noticed an ogre
  3127 | D:4      | Killed an ogre
  3128 | D:4      | Reached skill level 4 in Polearms
  3128 | D:4      | Reached XP level 6. HP: 48/48 MP: 8/10
  3253 | D:4      | Found a staircase to the Ecumenical Temple.
  3262 | Temple   | Entered the Ecumenical Temple
  3575 | Temple   | Became a worshipper of Ashenzari the Shackled
  3775 | D:4      | Killed Eustachio
  3776 | D:4      | Gained mutation: You have sharp fingernails. [demonic
                  | ancestry]
  3776 | D:4      | Reached XP level 7. HP: 55/55 MP: 4/11
  3786 | D:4      | Noticed Robin
  3787 | D:4      | Identified the +7 dagger "Killer Klown's Death" {heavy,
                  | rPois Int+5 Dex-2}
  3803 | D:4      | Killed Robin
  3958 | D:5      | Entered Level 5 of the Dungeon
  4325 | D:5      | Found a glowing drain.
  4356 | Sewer    | Entered a sewer
  4864 | Sewer    | Reached skill level 5 in Fighting
  4864 | Sewer    | Reached skill level 5 in Polearms
  5023 | D:5      | Noticed Pikel
  5113 | D:5      | Reached XP level 8. HP: 23/63 MP: 3/14
  5764 | D:5      | Reached skill level 1 in Armour
  5953 | D:5      | Killed Pikel
  5954 | D:5      | Reached skill level 6 in Polearms
  5954 | D:5      | Reached skill level 5 in Spellcasting
  6386 | D:5      | Reached * piety under Ashenzari
  6661 | D:6      | Found Soejiud's Firing Range.
  6738 | D:7      | Noticed a hornet
  6748 | D:7      | Killed a hornet
  6749 | D:7      | Gained mutation: You have very sharp fingernails. [demonic
                  | ancestry]
  6749 | D:7      | Reached XP level 9. HP: 68/72 MP: 18/18
  6810 | D:7      | Found a stormy altar of Qazlal.
  6810 | D:7      | Found a hazy altar of Hepliaklqana.
  6905 | D:7      | Reached ** piety under Ashenzari
  7113 | D:7      | You fall into a shaft and drop 2 floors!
  7117 | D:9      | Noticed Erolcha
  7122 | D:9      | Noticed a troll
  7204 | D:8      | Reached skill level 7 in Polearms
  7241 | D:8      | Learned a level 2 spell: Cigotuvi's Dreadful Rot
  7381 | D:8      | Reached skill level 1 in Air Magic
  7525 | D:7      | Found a bloodstained altar of Trog.
  7918 | D:7      | Found a basalt altar of Yredelemnul.
  8098 | D:6      | Found a sparkling altar of Nemelex Xobeh.
  8358 | D:6      | Gained mutation: You are partially covered in thin metallic
                  | scales. (AC +2) [demonic ancestry]
  8358 | D:6      | Reached XP level 10. HP: 77/78 MP: 20/20
  8842 | D:6      | Learned a level 5 spell: Freezing Cloud
  9223 | D:8      | Reached skill level 1 in Ice Magic
  9783 | D:9      | Reached skill level 8 in Polearms
  9971 | D:9      | Killed Erolcha
 10399 | D:9      | Noticed a two-headed ogre
 10410 | D:9      | Killed a two-headed ogre
 10662 | D:9      | Reached skill level 5 in Air Magic
 10698 | D:9      | Reached skill level 9 in Polearms
 10912 | D:9      | Reached XP level 11. HP: 65/87 MP: 22/22
 11456 | D:9      | Found a staircase to the Lair.
 11479 | D:10     | Entered Level 10 of the Dungeon
 12003 | D:10     | Reached skill level 1 in Evocations
 12183 | D:10     | Found an ornate altar of the Wu Jian Council.
 12619 | D:10     | Found Jeask's Demolitions Depot.
 12980 | Lair:1   | Entered Level 1 of the Lair of Beasts
 13058 | D:9      | Reached skill level 5 in Ice Magic
 13206 | D:9      | HP: 4/87 [poisoned by a cane toad]
 14084 | Lair:1   | Noticed Amaemon
 14345 | Lair:1   | Reached skill level 10 in Polearms
 14609 | Lair:1   | Noticed a catoblepas
 14622 | Lair:1   | Noticed Harold
 14637 | Lair:1   | Killed a catoblepas
 14644 | Lair:1   | Killed Harold
 14645 | Lair:1   | Reached XP level 12. HP: 96/97 MP: 23/23
 14658 | Lair:1   | Killed Amaemon
 14668 | Lair:1   | Reached skill level 5 in Evocations
 14808 | Lair:1   | Reached *** piety under Ashenzari
 15252 | Lair:2   | Found a hole to the Spider Nest.
 15515 | Lair:2   | Reached **** piety under Ashenzari
 15533 | Lair:2   | Reached skill level 1 in Hexes
 16410 | Lair:3   | Found a one-way gate to the infinite horrors of the Abyss.
 16812 | Lair:3   | Found a corrupted altar of Lugonu.
 16920 | Lair:3   | Noticed Rupert
 16933 | Lair:3   | Killed Rupert
 16934 | Lair:3   | Reached skill level 11 in Polearms
 17228 | Lair:3   | Found a staircase to the Shoals.
 17482 | Lair:3   | Reached skill level 5 in Armour
 17482 | Lair:3   | Paralysed by a hornet for 1 turns
 17534 | Lair:3   | Noticed a death yak
 17534 | Lair:3   | Noticed a death yak
 17535 | Lair:3   | Noticed a death yak
 17551 | Lair:3   | Killed a death yak
 17558 | Lair:3   | Killed a death yak
 17565 | Lair:3   | Killed a death yak
 17729 | Lair:3   | Noticed Kirke
 17742 | Lair:3   | Killed Kirke
 17751 | Lair:3   | Gained mutation: You sometimes gain power by taking damage.
                  | [demonic ancestry]
 17751 | Lair:3   | Reached XP level 13. HP: 91/107 MP: 26/26
 17916 | Lair:3   | Reached skill level 12 in Polearms
 18444 | Lair:4   | Found a viscous altar of Jiyva.
 18444 | Lair:4   | Found a staircase to the Slime Pits.
 19023 | Lair:4   | Found a runed translucent gate.
 19023 | Lair:4   | Found a runed translucent gate.
 19024 | Lair:4   | Found a runed translucent gate.
 19025 | Lair:4   | Noticed Bananafolds's ghost (journeyman MfSk)
 19027 | Lair:4   | Identified the +4 chain mail "Dolabod" {Harm rPois Stlth+}
 19773 | Lair:4   | Killed Bananafolds's ghost
 19774 | Lair:4   | Reached skill level 13 in Polearms
 19864 | Lair:5   | Entered Level 5 of the Lair of Beasts
 20353 | Lair:5   | Reached skill level 14 in Polearms
 21147 | Lair:5   | Reached skill level 15 in Polearms
 21287 | Lair:5   | Gained mutation: You have claws for hands. [demonic
                  | ancestry]
 21287 | Lair:5   | Reached XP level 14. HP: 89/114 MP: 27/27
 21913 | Lair:5   | Found a large runed translucent door.
 21913 | Lair:5   | Found a large runed translucent door.
 21925 | Lair:5   | Reached ***** piety under Ashenzari
 22521 | Lair:5   | Identified the +1 robe of Untruth {Str+4}
 23253 | D:11     | Noticed Psyche
 23257 | D:11     | Killed Psyche
 23365 | D:11     | Learned a level 4 spell: Anguish
 24358 | D:12     | Found a staircase to the Orcish Mines.
 24367 | Orc:1    | Entered Level 1 of the Orcish Mines
 24925 | Orc:2    | Entered Level 2 of the Orcish Mines
 24999 | Orc:2    | Found a staircase to the Elven Halls.
 25908 | Orc:2    | Found Gucs's Jewellery Emporium.
 25908 | Orc:2    | Found Gihiovor's Magic Scroll Boutique.
 25923 | Orc:2    | Bought a scroll of acquirement for 520 gold pieces
 25923 | Orc:2    | Acquired 924 gold pieces
 26129 | Orc:2    | Found Sinepaq's Armour Emporium.
 26129 | Orc:2    | Found Bitus's Antique Weapon Boutique.
 26191 | Orc:2    | Bought the ring "Vaytamimm" {Str+3 Int+6 Dex+4} for 807
                  | gold pieces
 26508 | Elf:1    | Entered Level 1 of the Elven Halls
 26540 | Elf:1    | Reached skill level 10 in Fighting
 26678 | Abyss:2  | Found a corrupted altar of Lugonu.
 26678 | Abyss:2  | Cast into level 2 of the Abyss (a deep elf demonologist)
 26822 | Abyss:2  | Found a corrupted altar of Lugonu.
 26847 | Abyss:2  | Found a corrupted altar of Lugonu.
 26909 | Abyss:2  | Noticed an ancient lich
 26942 | Abyss:2  | Reached XP level 15. HP: 102/123 MP: 30/30
 27073 | Abyss:2  | Reached skill level 5 in Dodging
 27083 | Abyss:2  | Found a corrupted altar of Lugonu.
 27133 | Abyss:2  | Noticed a tentacled starspawn
 27175 | Abyss:2  | Noticed a tentacled starspawn
 27217 | Abyss:2  | Paralysed by accursed screaming for 1 turns
 27221 | Elf:1    | Escaped the Abyss
 28238 | D:12     | Reached ****** piety under Ashenzari
 28632 | D:13     | Found a runed translucent door.
 28634 | D:13     | Noticed kingsuperguy's ghost (journeyman HOMo)
 28635 | D:13     | Noticed a storm dragon
 28929 | D:13     | Noticed a frost giant
 28934 | D:13     | Killed a frost giant
 29306 | D:13     | Reached skill level 10 in Armour
 29346 | D:13     | Identified the ring of Qasaha {Wiz Int+2 Slay+2 Stlth+}
 30167 | D:14     | Found a gate to the Vaults.
 31046 | D:15     | Entered Level 15 of the Dungeon
 31046 | D:15     | Noticed Jorgrun
 31481 | D:15     | Killed Jorgrun
 31844 | D:14     | Gained mutation: You are mostly covered in thin metallic
                  | scales. (AC +3) [demonic ancestry]
 31844 | D:14     | Reached XP level 16. HP: 127/141 MP: 31/31
 32868 | D:15     | Found a staircase to the Depths.
 33171 | Shoals:1 | Entered Level 1 of the Shoals
 33554 | Shoals:1 | Noticed a kraken
 33565 | Shoals:1 | Killed a kraken
 33990 | Shoals:1 | Noticed a kraken
 33999 | Shoals:1 | Killed a kraken
 35222 | Shoals:2 | Learned a level 3 spell: Volatile Blastmotes
 36280 | Shoals:3 | Noticed Ilsuiw
 36286 | Shoals:3 | Reached skill level 10 in Dodging
 36286 | Shoals:3 | Killed Ilsuiw
 36624 | Shoals:3 | Found Giph's Antique Armour Shop.
 36711 | Shoals:3 | Found Keplihyb's Distillery.
 36743 | Shoals:3 | Noticed Donald
 36751 | Shoals:3 | Killed Donald
 36943 | Shoals:3 | Found Qusir's Distillery.
 36976 | Shoals:3 | Reached XP level 17. HP: 120/151 MP: 32/32
 37275 | Shoals:4 | Entered Level 4 of the Shoals
 37674 | Shoals:4 | Paralysed by an air elemental for 1 turns
 37682 | Shoals:4 | Paralysed by an air elemental for 1 turns
 37805 | Shoals:4 | Paralysed by an air elemental for 1 turns
 37809 | Shoals:4 | Paralysed by an air elemental for 1 turns
 38067 | Shoals:4 | Paralysed by an air elemental for 1 turns
 38070 | Shoals:4 | Paralysed by an air elemental for 1 turns
 38092 | Shoals:4 | Noticed Louise
 38103 | Shoals:4 | Killed Louise
 38425 | Shoals:4 | Found a blossoming altar of Fedhas.
 38835 | Shoals:4 | Identified the +4 fire dragon scales "Jaikuak" {rF++ rC-
                  | Int+3}
 39307 | Shoals:4 | Paralysed by an air elemental for 1 turns
 39453 | Shoals:4 | Learned a level 6 spell: Conjure Ball Lightning
 39629 | Shoals:3 | Bought a bloodstained cloak for 399 gold pieces
 39629 | Shoals:3 | Identified the +0 cloak of Spite {-Tele Str+3 Dex+2} (You
                  | bought it in a shop on level 3 of the Shoals)
 40064 | Shoals:4 | Reached skill level 1 in Summonings
 40332 | Shoals:4 | Noticed a titan
 40340 | Shoals:4 | Killed a titan
 40341 | Shoals:4 | Reached skill level 15 in Fighting
 40449 | Shoals:4 | Identified the staff of fire "Bomaghug" {+Blink rF+ Will++
                  | Dex-4 SInv}
 40450 | Shoals:4 | Identified the staff of cold "Odegg" {rPois rC+ Dex+4
                  | Stlth+}
 40466 | Shoals:4 | Got a barnacled rune of Zot
 40717 | Spider:1 | Entered Level 1 of the Spider Nest
 40980 | Spider:1 | Noticed Josephine
 40992 | Spider:1 | Killed Josephine
 42552 | Spider:1 | Gained mutation: You are completely covered in thin
                  | metallic scales. (AC +4, rElec) [demonic ancestry]
 42552 | Spider:1 | Reached XP level 18. HP: 112/162 MP: 28/34
 42762 | Spider:2 | Reached skill level 5 in Necromancy
 43153 | Spider:2 | Reached skill level 1 in Earth Magic
 43170 | Spider:2 | Learned a level 4 spell: Summon Ice Beast
 43430 | Spider:2 | Identified the +5 chain mail of Abbau {rCorr}
 43723 | Spider:3 | Reached skill level 5 in Conjurations
 45668 | Spider:4 | Entered Level 4 of the Spider Nest
 45678 | Spider:3 | Learned a level 6 spell: Death Channel
 45703 | Spider:3 | Learned a level 5 spell: Borgnjor's Vile Clutch
 45704 | Spider:4 | Noticed Nikola
 45715 | Spider:4 | Killed Nikola
 45723 | Spider:4 | Reached skill level 5 in Earth Magic
 46053 | Spider:4 | Identified the +2 leather armour "Kedimn" {+Inv}
 46618 | Spider:4 | Gained mutation: You are powered by pain. [demonic
                  | ancestry]
 46618 | Spider:4 | Reached XP level 19. HP: 102/168 MP: 1/36
 46829 | Spider:4 | Got a gossamer rune of Zot
 47241 | Vaults:1 | Entered Level 1 of the Vaults
 47295 | Vaults:1 | Found a flickering gateway to a bazaar.
 47311 | Bazaar   | Entered a bazaar
 47311 | Bazaar   | Found Yrphan's Antique Armour Boutique.
 47347 | Bazaar   | Found Vuku Wun's Distillery.
 47361 | Bazaar   | Found Rubrida's Antique Weapon Shoppe.
 47384 | Bazaar   | Found Yrhor's Magic Scroll Shoppe.
 47413 | Bazaar   | Bought a scroll of enchant armour for 67 gold pieces
 47413 | Bazaar   | Bought a scroll of enchant weapon for 67 gold pieces
 47426 | Bazaar   | Bought a dazzling helmet for 256 gold pieces
 47426 | Bazaar   | Identified the +2 helmet "Kidixtaan" {rElec rF- Regen+
                  | SInv} (You bought it in a shop in a bazaar)
 47436 | Bazaar   | Bought a potion of haste for 90 gold pieces
 47436 | Bazaar   | Bought 2 potions of heal wounds for 90 gold pieces
 47826 | Vaults:1 | Found Fatt's Armour Emporium.
 47833 | Vaults:1 | Reached skill level 10 in Necromancy
 48505 | Vaults:1 | Bought a +3 plate armour of fire resistance for 855 gold
                  | pieces
 48951 | Vaults:1 | Reached skill level 10 in Spellcasting
 49970 | Elf:1    | Noticed Agnes
 49978 | Elf:1    | Killed Agnes
 50151 | Elf:1    | Found Ogguen's Antique Weapon Shoppe.
 50153 | Elf:1    | Found Fahah's Jewellery Emporium.
 50153 | Elf:1    | Found Rikhlivi's Distillery.
 50156 | Elf:1    | Found Nuclis's Antique Armour Emporium.
 50218 | Elf:1    | Paralysed by an air elemental for 1 turns
 50260 | Elf:1    | Identified the Book of the Band
 50880 | Elf:1    | Bought the +5 Lochaber axe {reach-cleave, Poleaxe Drain}
                  | for 849 gold pieces
 50880 | Elf:1    | Found the +5 Lochaber axe {reach-cleave, Poleaxe Drain}
 51108 | Elf:2    | Found a runed translucent gate.
 51109 | Elf:2    | Found a runed translucent gate.
 51116 | Elf:2    | Found a runed translucent gate.
 51257 | Elf:2    | Paralysed by an air elemental for 1 turns
 51285 | Abyss:2  | Cast into level 2 of the Abyss (+0 battleaxe of distortion)
 51483 | Abyss:2  | Noticed a bone dragon
 51496 | Abyss:2  | Reached skill level 16 in Polearms
 51508 | Abyss:2  | Killed a bone dragon
 51575 | Abyss:2  | Gained mutation: You are vulnerable to cold. (rC-) [a
                  | shining eye]
 51576 | Abyss:2  | Gained mutation: Your spells are a little easier to cast,
                  | but a little less powerful. [a shining eye]
 51703 | Abyss:2  | Gained mutation: A meltable icy envelope protects you from
                  | harm. (AC +0) [demonic ancestry]
 51703 | Abyss:2  | Reached XP level 20. HP: 51/168 MP: 29/38
 51803 | Elf:2    | Escaped the Abyss
 52233 | D:14     | Lost mutation: Your spells are a little easier to cast, but
                  | a little less powerful. [potion of mutation]
 52233 | D:14     | Lost mutation: You are vulnerable to cold. (rC-) [potion of
                  | mutation]
 52233 | D:14     | Gained mutation: You do not regenerate when monsters are
                  | visible. [potion of mutation]
 52233 | D:14     | Gained mutation: Your skin changes colour to match your
                  | surroundings (Stealth+). [potion of mutation]
 52234 | D:14     | Lost mutation: You do not regenerate when monsters are
                  | visible. [potion of mutation]
 52234 | D:14     | Lost mutation: Your skin changes colour to match your
                  | surroundings (Stealth+). [potion of mutation]
 52234 | D:14     | Gained mutation: Your flesh is cold resistant. (rC+)
                  | [potion of mutation]
 52235 | D:14     | Lost mutation: Your flesh is cold resistant. (rC+) [potion
                  | of mutation]
 52235 | D:14     | Gained mutation: Armour fits poorly on your strangely
                  | shaped body. [potion of mutation]
 52235 | D:14     | Gained mutation: Your system is resistant to poisons.
                  | (rPois) [potion of mutation]
 52236 | D:14     | Lost mutation: Your system is resistant to poisons. (rPois)
                  | [potion of mutation]
 52236 | D:14     | Lost mutation: Armour fits poorly on your strangely shaped
                  | body. [potion of mutation]
 52236 | D:14     | Gained mutation: You are agile. (Dex +4, Str/Int -1)
                  | [potion of mutation]
 52236 | D:14     | Gained mutation: You have large cloven feet. [potion of
                  | mutation]
 52442 | Shoals:2 | Lost mutation: You have large cloven feet. [potion of
                  | mutation]
 52442 | Shoals:2 | Lost mutation: You are agile. (Dex +4, Str/Int -1) [potion
                  | of mutation]
 52442 | Shoals:2 | Gained mutation: You are resistant to electric shocks.
                  | (rElec) [potion of mutation]
 52475 | Shoals:3 | Lost mutation: You are resistant to electric shocks.
                  | (rElec) [potion of mutation]
 52475 | Shoals:3 | Gained mutation: You expend magic power (3 MP) to
                  | strengthen your wands. [potion of mutation]
 52475 | Shoals:3 | Gained mutation: Your spells are a little easier to cast,
                  | but a little less powerful. [potion of mutation]
 52549 | Shoals:4 | Lost mutation: You expend magic power (3 MP) to strengthen
                  | your wands. [potion of mutation]
 52549 | Shoals:4 | Lost mutation: Your spells are a little easier to cast, but
                  | a little less powerful. [potion of mutation]
 52865 | Elf:2    | Reached skill level 17 in Polearms
 52914 | Elf:2    | Found Qucah's Antique Armour Shoppe.
 53084 | Elf:2    | HP: 6/172 [+2 scimitar of holy wrath (11)]
 53090 | Elf:2    | HP: 4/258 [+3 bardiche of freezing (13)]
 53722 | Vaults:2 | Reached XP level 21. HP: 164/178 MP: 39/39
 53870 | Vaults:2 | Noticed Aizul
 53878 | Vaults:2 | Killed Aizul
 54600 | Vaults:2 | Reached skill level 18 in Polearms
 55631 | Vaults:2 | Found a staircase to the Crypt.
 55645 | Vaults:2 | Noticed Margery
 55655 | Vaults:2 | Killed Margery
 55862 | Vaults:2 | Found Huvy's Distillery.
 56532 | Vaults:3 | Identified the +1 robe "Lufoeh" {Rampage *Slow rN++ Int+3}
 56635 | Vaults:3 | Reached skill level 19 in Polearms
 57491 | Vaults:3 | Found a transporter.
 57491 | Vaults:3 | Identified the ring "Ememnof" {Drain rF+ rCorr Dex+2 SInv}
 57493 | Vaults:3 | Identified the ring "Edaebil" {Contam rF+ rCorr MP+9}
 57493 | Vaults:3 | Identified the staff of death "Imoit" {rPois rC- rN+
                  | Stlth+}
 57529 | Vaults:3 | Found a transporter.
 57538 | Vaults:3 | Found Rittabeq's Distillery.
 57622 | Vaults:3 | Gained mutation: You are frail. (-10% HP) [a cacodemon]
 57632 | Vaults:3 | Gained mutation: You are clumsy. (Dex -2) [mutagenic glow]
 57647 | Vaults:3 | Gained mutation: You are very clumsy. (Dex -4) [mutagenic
                  | glow]
 57666 | Vaults:3 | Gained mutation: Your mind is acute. (Int +4, Str/Dex -1)
                  | [mutagenic glow]
 58022 | Vaults:2 | Lost mutation: Your mind is acute. (Int +4, Str/Dex -1)
                  | [potion of mutation]
 58022 | Vaults:2 | Lost mutation: You are very clumsy. (Dex -4) [potion of
                  | mutation]
 58022 | Vaults:2 | Lost mutation: You are frail. (-10% HP) [potion of
                  | mutation]
 58022 | Vaults:2 | Lost mutation: You are clumsy. (Dex -2) [potion of
                  | mutation]
 58022 | Vaults:2 | Gained mutation: Armour fits poorly on your strangely
                  | shaped body. [potion of mutation]
 58022 | Vaults:2 | Gained mutation: Your flesh is heat resistant. (rF+)
                  | [potion of mutation]
 58022 | Vaults:2 | Gained mutation: You are somewhat resistant to further
                  | mutation. [potion of mutation]
 58111 | Vaults:2 | Lost mutation: Armour fits poorly on your strangely shaped
                  | body. [potion of mutation]
 58111 | Vaults:2 | Lost mutation: You are somewhat resistant to further
                  | mutation. [potion of mutation]
 58111 | Vaults:2 | Lost mutation: Your flesh is heat resistant. (rF+) [potion
                  | of mutation]
 58111 | Vaults:2 | Gained mutation: You possess an exceptional clarity of
                  | mind. [potion of mutation]
 58992 | Vaults:4 | Paralysed by a great orb of eyes for 2 turns
 59127 | Vaults:4 | Reached skill level 15 in Armour
 59201 | Vaults:4 | Found Zajasol's Distillery.
 59315 | Vaults:4 | Reached skill level 20 in Polearms
 59393 | Vaults:4 | Identified the +4 kite shield "Uneejeni" {+Inv}
 59428 | Vaults:4 | Gained mutation: A meltable icy envelope protects you from
                  | harm. (AC +0) [demonic ancestry]
 59428 | Vaults:4 | Reached XP level 22. HP: 147/185 MP: 40/40
 60165 | Vaults:4 | Noticed Sojobo
 60186 | Vaults:4 | Killed Sojobo
 61605 | Vaults:5 | Entered Level 5 of the Vaults
 61612 | Vaults:5 | Noticed a dread lich
 61617 | Vaults:5 | Reached skill level 21 in Polearms
 62036 | Vaults:5 | Paralysed by a dread lich for 4 turns
 62057 | Vaults:4 | Paralysed by a dread lich for 4 turns
 62067 | Vaults:4 | Killed a dread lich
 63229 | Vaults:4 | Paralysed by a floating eye for 3 turns
 63244 | Vaults:4 | Reached skill level 22 in Polearms
 64764 | Vaults:5 | Learned a level 7 spell: Orb of Destruction
 65158 | Vaults:5 | Reached skill level 10 in Conjurations
 65266 | Vaults:5 | Identified the +2 glaive of Qohellak {antimagic, rF+ Str+4}
 65266 | Vaults:5 | Identified the ring "Motyacwod" {rPois Dex+5}
 65326 | Vaults:5 | Gained mutation: Your presence sometimes corrodes those you
                  | injure. [demonic ancestry]
 65326 | Vaults:5 | Reached XP level 23. HP: 151/171 MP: 41/41
 65450 | Vaults:5 | Identified the +0 lajatang of the Pits of Slime {heavy,
                  | rPois rF+ rCorr}
 65450 | Vaults:5 | Identified the +1 robe "Zuogh" {Will+ MP+9}
 65451 | Vaults:5 | Found the +7 captain's cutlass {speed, disarm}
 65455 | Vaults:5 | Identified Sif Muna's Handbook of the Topological Birds
 65482 | Vaults:5 | Noticed a dread lich
 65494 | Vaults:5 | Killed a dread lich
 65788 | Vaults:5 | Identified the +6 hand axe "Qoydofor" {heavy, rN+ Will+
                  | rCorr Str+3}
 65793 | Vaults:5 | Identified the Compilation of Ghastly Direction
 65967 | Vaults:5 | Identified the Lessons on Torrid Convocation
 66220 | Vaults:5 | Identified the amulet "Tadimyl" {Faith rCorr Dex+2}
 66623 | Vaults:5 | Identified the Atlas of Ill-starred Sciomancy
 66646 | Vaults:5 | Got a silver rune of Zot
 66960 | Depths:1 | Entered Level 1 of the Depths
 66994 | Depths:1 | Noticed Mara
 67001 | Depths:1 | Killed Mara
 67002 | Depths:1 | Reached skill level 23 in Polearms
 67159 | Depths:1 | Identified the +7 hand axe "Conservator" {freeze, Fragile
                  | rPois rCorr Int+3}
 67478 | Depths:1 | Paralysed by a floating eye for 4 turns
 68101 | Depths:1 | Identified the Monograph on Virous Amathomancy
 68173 | Depths:1 | Found a one-way gateway to a ziggurat.
 68183 | Depths:1 | Found Voythauhita's Book Emporium.
 68185 | Depths:1 | Found Ufaetugh's Jewellery Boutique.
 68186 | Depths:1 | Found Ewuujex's Book Emporium.
 68327 | Elf:1    | Bought the amulet of Vitality {RegenMP++ Regen++} for 1800
                  | gold pieces
 68327 | Elf:1    | Found the amulet of Vitality {RegenMP++ Regen++}
 68508 | Depths:1 | Found a gateway to Hell.
 68610 | Depths:1 | Identified the +1 scale mail of the Gloaming {+Blink rElec
                  | Dex+4}
 69182 | Depths:2 | Found a transporter.
 69182 | Depths:2 | Identified the Anthology of the Meteoric Chill
 69196 | Depths:2 | Found a transporter.
 69230 | Depths:2 | Found a runed translucent door.
 69240 | Depths:2 | Found a one-way gate leading to the halls of Pandemonium.
 69249 | Depths:2 | Noticed frimble's ghost (adept DsGl)
 69290 | Depths:2 | Killed frimble's ghost
 69315 | Depths:2 | Found a runed translucent door.
 69315 | Depths:2 | Noticed Barug's ghost (adept TrMo)
 69326 | Depths:2 | Killed Barug's ghost
 69445 | Depths:2 | Found a runed translucent door.
 69445 | Depths:2 | Noticed Vacerub's ghost (adept TrMo)
 69462 | Depths:2 | Killed Vacerub's ghost
 69516 | Depths:2 | Gained mutation: Your presence sometimes corrodes or
                  | deforms those you injure. [demonic ancestry]
 69516 | Depths:2 | Reached XP level 24. HP: 208/208 MP: 44/44
 69517 | Depths:2 | Reached skill level 24 in Polearms
 69517 | Depths:2 | Gained mutation: You can speak a Word of Chaos. [demonic
                  | ancestry]
 69517 | Depths:2 | Reached XP level 25. HP: 215/215 MP: 44/44
 69987 | Depths:3 | Paralysed by a floating eye for 4 turns
 69997 | Depths:3 | Noticed Parghit
 70015 | Depths:3 | Killed Parghit
 70203 | Depths:3 | Found an ancient bone altar of Kikubaaqudgha.
 70306 | Depths:3 | Noticed Mennas
 70318 | Depths:3 | Killed Mennas
 70647 | Depths:3 | Reached XP level 26. HP: 198/222 MP: 44/44
 70852 | Depths:3 | Found Vacsor's Antique Weapon Emporium.
 71265 | Depths:4 | Entered Level 4 of the Depths
 71310 | Depths:4 | Noticed a juggernaut
 71324 | Depths:4 | Killed a juggernaut
 71603 | Depths:4 | Noticed Jory
 71622 | Depths:4 | Killed Jory
 71623 | Depths:4 | Reached skill level 25 in Polearms
 71892 | Depths:4 | Reached skill level 15 in Conjurations
 72554 | Depths:4 | Found a gate to the Realm of Zot.
 72742 | Zot:1    | Entered Level 1 of the Realm of Zot
 72749 | Zot:1    | Found the +4 dragonskin cloak
 72749 | Zot:1    | Noticed Tiamat
 72996 | Zot:1    | Noticed Grunn
 73166 | Zot:1    | Killed Grunn
 73194 | Zot:1    | Killed Tiamat
 73738 | Zot:1    | Noticed an orb of fire
 73739 | Zot:1    | Gained mutation: You are somewhat resistant to further
                  | mutation. [an orb of fire]
 73756 | Zot:1    | Killed an orb of fire
 74857 | Zot:2    | Reached skill level 5 in Summonings
 75201 | Zot:2    | Reached skill level 26 in Polearms
 75649 | Zot:3    | Reached XP level 27. HP: 227/228 MP: 43/43
 75770 | Zot:3    | Learned a level 7 spell: Haunt
 76589 | D:10     | Bought a book of Power for 714 gold pieces
 76589 | D:10     | Bought a manual of Evocations for 1360 gold pieces
 76597 | D:10     | Learned a level 7 spell: Spellforged Servitor
 77552 | Zot:4    | Paralysed by you for 3 turns
 77729 | Zot:4    | Identified the cursed +2 helmet "Thunder Perfect Mind"
                  | {Elem, Comp} (You found it on level 5 of the Vaults)
 78271 | Zot:4    | Found Hodd's CLEARANCE SALE!.
 78619 | Zot:4    | Identified the ring of Monotheism {+Blink Fly rPois Str-3}
 78619 | Zot:4    | Identified the +0 helmet of Restlessness {Will+ Int+3}
 78776 | Zot:5    | Entered Level 5 of the Realm of Zot
 79122 | Zot:5    | Reached skill level 10 in Summonings
 79128 | Zot:5    | Identified the amulet "Ashrum" {Reflect Harm rN+++ Will+
                  | SH+5 Stlth-}
 79293 | Zot:5    | Identified the +1 robe of the Imp {Dex+4}
 79688 | Zot:5    | Noticed an orb of fire
 79692 | Zot:5    | Noticed an orb of fire
 79694 | Zot:5    | Noticed an orb of fire
 79696 | Zot:5    | Noticed an orb of fire
 79711 | Zot:5    | Killed an orb of fire
 79711 | Zot:5    | Noticed an orb of fire
 79712 | Zot:5    | Killed an orb of fire
 79717 | Zot:5    | Killed an orb of fire
 79725 | Zot:5    | Killed an orb of fire
 79735 | Zot:5    | Killed an orb of fire
 79810 | Zot:5    | Noticed an ancient lich
 79826 | Zot:5    | Killed an ancient lich
 80529 | Zot:5    | Noticed a dread lich
 80533 | Zot:5    | Paralysed by a dread lich for 3 turns
 80537 | Zot:5    | Killed a dread lich
 80556 | Zot:5    | Noticed an orb of fire
 80557 | Zot:5    | Noticed an orb of fire
 80561 | Zot:5    | Killed an orb of fire
 80561 | Zot:5    | Noticed an orb of fire
 80564 | Zot:5    | Noticed an ancient lich
 80564 | Zot:5    | Noticed an orb of fire
 80564 | Zot:5    | Noticed an orb of fire
 80568 | Zot:5    | Killed an orb of fire
 80569 | Zot:5    | Gained mutation: Your spells are a little easier to cast,
                  | but a little less powerful. [an orb of fire]
 80570 | Zot:5    | Gained mutation: Your spells are easier to cast, but less
                  | powerful. [an orb of fire]
 80571 | Zot:5    | Noticed an ancient lich
 80781 | Zot:4    | Reached skill level 10 in Evocations
 81096 | Zot:5    | Killed an orb of fire
 81398 | Zot:5    | Killed an ancient lich
 81401 | Zot:5    | Killed an ancient lich
 81514 | Zot:5    | Gained mutation: You occasionally lose the ability to drink
                  | potions when taking damage. [an orb of fire]
 81521 | Zot:5    | Killed an orb of fire
 81526 | Zot:5    | Gained mutation: You sometimes lose the ability to drink
                  | potions when taking damage. [an orb of fire]
 81531 | Zot:5    | Killed an orb of fire
 81787 | Zot:5    | Identified the cursed ring of the Shattered Vision {AC+4,
                  | Self, Fort} (You found it on level 2 of the Lair of Beasts)
 82494 | Slime:1  | Entered Level 1 of the Pits of Slime
 82790 | Slime:1  | Lost mutation: Your spells are easier to cast, but less
                  | powerful. [a shining eye]
 82844 | Slime:2  | Gained mutation: Your magical capacity is low. (-10% MP) [a
                  | shining eye]
 83340 | Slime:1  | Gained mutation: Your flesh is heat resistant. (rF+) [a
                  | shining eye]
 83472 | Slime:5  | Entered Level 5 of the Pits of Slime
 83547 | Slime:5  | Paralysed by a great orb of eyes for 3 turns
 83578 | Slime:5  | Paralysed by a great orb of eyes for 2 turns
 83628 | Slime:5  | Found a viscous altar of Jiyva.
 83628 | Slime:5  | Found the +8 Wrath of Trog {antimagic, *Rage Rampage}
 83706 | Slime:5  | Noticed the Royal Jelly
 83727 | Slime:5  | Killed the Royal Jelly
 84042 | Slime:5  | Identified the +9 war axe of the Valley {spect, rPois Int-5
                  | Dex+2}
 84044 | Slime:5  | Identified the +4 dagger "Mibyuch" {distort, rElec rF+}
 84044 | Slime:5  | Identified the +2 pair of boots "Nept" {rC- Str+5}
 84046 | Slime:5  | Identified Sif Muna's Codex of Conjuration and the Birds
 84047 | Slime:5  | Identified the staff of fire "Qonniuv" {rF+ rC++}
 84099 | Slime:5  | Identified the +6 mace of Conversion {flame, Contam rPois
                  | Int+5}
 84117 | Slime:5  | Got a slimy rune of Zot
 84338 | Slime:5  | Acquired 903 gold pieces
 85169 | Depths:3 | Voluntarily entered the Abyss.
 85169 | Abyss:2  | Found a corrupted altar of Lugonu.
 85174 | Abyss:2  | Found a corrupted altar of Lugonu.
 85276 | Abyss:3  | Found a corrupted altar of Lugonu.
 85473 | Abyss:3  | Got an abyssal rune of Zot
 85570 | Depths:3 | Escaped the Abyss
 85661 | Hell     | Entered the Vestibule of Hell
 85661 | Hell     | Noticed Geryon
 85683 | Hell     | Killed Geryon
 85832 | Hell     | Paralysed by a wendigo for 1 turns
 86112 | Hell     | Found a gateway to the Iron City of Dis.
 86166 | Hell     | Found a gateway to the ashen valley of Gehenna.
 86395 | Hell     | Found a gateway to the decaying netherworld of Tartarus.
 86508 | Hell     | Found a gateway to the freezing wastes of Cocytus.
 86577 | Geh:1    | Entered Level 1 of Gehenna
 86784 | Geh:2    | Found a corrupted altar of Lugonu.
 87350 | Geh:3    | Reached skill level 15 in Evocations
 88219 | Geh:7    | Entered Level 7 of Gehenna
 88466 | Geh:7    | Killed from afar by a Brimstone Fiend

Illustrated notes

Levels and vault maps discovered:
D:1:      spicycebolla_arrival_risky_transporter, layout_basic
D:2:      layout_basic
D:3:      cheibrodos_fertilizer, layout_rooms, lemuel_coloured_pillars_altar,
          hangedman_abyss_or_decor_lesser_grid, uniq_crazy_yiuf_cottage
D:4:      layout_rooms, minmay_temple_entry_wispy, uniq_robin, uniq_eustachio
D:5:      layout_basic, portal_sewer_entry_f, patterned_corridor, uniq_pikel
D:6:      layout_cave_pools, nemelex_xobeh_ov_fountains_minmay,
          nicolae_shop_firing_range
D:7:      layout_basic, nicolae_yredelemnul_corpse_copse, lemuel_crystal_altar,
          nicolae_overflow_two_pavilions
D:8:      layout_basic, kennysheep_small_circle
D:9:      layout_long_grid, lair_entry_dummy, uniq_erolcha
D:10:     layout_roguey, lemuel_doored_altar, mainiacjoe_overflow_alcove_4,
          statue_in_the_mist_lemuel, nicolae_water_bricks, dk_noncrumbling_3,
          nicolae_blasting_shop, minmay_fire_ice_demons
D:11:     minmay_clustersquares, layout_rooms, serial_demonic, serial_demonic_c,
          serial_demonic_b, serial_demonic_g, serial_demonic_g, uniq_psyche
D:12:     layout_grid_maze, orc_0_dummy, nicolae_kite_square_tiling_tiny
D:13:     minmay_chopped_fan, layout_cave_pools, special_room
          [special_room_orc], ebering_ghost_inner_flame
D:14:     layout_rooms, david_vaults_2, special_room [special_room_bee],
          interstate_on_off, serial_corexii_hall,
          chequers_hall_statues_corner_a, chequers_hall_statues_y,
          corexii_hall_statues_t, corexii_hall_statues_deadend
D:15:     hangedman_depths_entry_civil_slaughter, layout_cave_pools,
          uniq_jorgrun
Temple:   eino_temple_water
Lair:1:   layout_misc_corridors, gauntlet_entry_generic, lemuel_old_faithful,
          grunt_megastairs_1, uniq_amaemon, uniq_harold
Lair:2:   layout_gridlike, nicolae_spider_entry_lesser_pyramids, serial_forest,
          infiniplex_forest_side_room, infiniplex_forest_clump_small,
          infiniplex_forest_clump_double, infiniplex_forest_diagonal,
          kennysheep_rathole
Lair:3:   layout_roguey, shoals_dummy_entry, st_stairs_4,
          dreamdust_deal_with_the_devil, amcnicky_altar_lugonu_corruption,
          grunt_megastairs_3, lemuel_fruit_fields, serial_bayou_shore_b,
          uniq_kirke, uniq_rupert
Lair:4:   layout_loops_ring, dpeg_slime_entry_enclosed,
          ebering_ghost_rock_garden
Lair:5:   cheibrodos_lair_end_hotspot, layout_regular_city
Shoals:1: layout_shoals, nicolae_shoals_kraken_intersection
Shoals:2: layout_shoals, nicolae_shoals_loop_pool
Shoals:3: layout_shoals, serial_shops, nicolae_shop_industrial_runoff,
          nicolae_shop_peninsula, nicolae_take_the_stairs,
          nicolae_shoals_arrival_archipelago, uniq_donald, uniq_ilsuiw
Shoals:4: shoals_end_hellmonk_storm_palace [storm_palace_center_square,
          storm_palace_corner_grid, storm_palace_corner_grid,
          storm_palace_corner_altar, storm_palace_corner_pillars], uniq_louise
Spider:1: layout_spider_delve, uniq_josephine
Spider:2: nicolae_spider_mines_2
Spider:3: nicolae_spider_hilbert_zone_2 [nicolae_spider_hilbert_4_sides_1_open,
          nicolae_spider_hilbert_4_sides_1_open,
          nicolae_spider_hilbert_4_sides_1_open,
          nicolae_spider_hilbert_4_sides_1_open,
          nicolae_spider_hilbert_6_sides_1_open,
          nicolae_spider_hilbert_6_sides_1_open,
          nicolae_spider_hilbert_3_sides_1_open,
          nicolae_spider_hilbert_3_sides_1_open,
          nicolae_spider_hilbert_3_sides_1_open,
          nicolae_spider_hilbert_3_sides_1_open,
          nicolae_spider_hilbert_6_sides_1_open,
          nicolae_spider_hilbert_6_sides_1_open,
          nicolae_spider_hilbert_6_sides_1_open,
          nicolae_spider_hilbert_6_sides_1_open]
Spider:4: spider_rune_water, nicolae_spider_acid_house, uniq_nikola
Slime:1:  layout_caves
Slime:2:  layout_caves, nicolae_slime_crime_time
Slime:3:  layout_caves, cheibrodos_slime_lost_civilization_4
Slime:4:  layout_caves
Slime:5
Orc:1:    layout_caves
Orc:2:    st_orc_town, layout_diamond_mine
Elf:1:    layout_geoelf_octagon, minmay_elf_demonology, minmay_shoptagon,
          uniq_agnes
Elf:2:    elven_hall_of_blades_hangedman_original
          [infiniplex_blade_entry_pillars], layout_loops_cross, serial_shops,
          nicolae_shop_dealshenge, einodemon_barbed_minivault
Vaults:1: vaults_mumra_lcd, grunt_vaults_bifocal, ontoclasm_vaults_fault,
          nicolae_vaults_taking_the_gang_shopping,
          nicolae_vaults_storage_room_glass, v_misc_29, ontoclasm_vaults_idyll,
          nicolae_vaults_two_Ls, v_pattern_2, nicolae_vaults_little_squares_3,
          nicolae_vaults_specimen_jars, vaults_room_fancy_cross,
          nicolae_vaults_border_crossing, nicolae_vaults_lightning_bolt,
          layout_vaults_ring, serial_shops, bzr_entry_islet
Vaults:2: st_cells, minmay_crypt_entry_simple_box, ontoclasm_vaults_pinch,
          vaults_room_fancy_cross, v_misc_29, vaults_room_grid,
          nicolae_vaults_storage_closets_2, v_misc_4, v_alt_pattern_3,
          nicolae_vaults_closet_pinwheel_3, nicolae_vaults_network_square,
          nicolae_vaults_closet_pinwheel_1, vaults_dpeg_hooks,
          layout_vaults_maze_snakey, serial_shops,
          nicolae_shop_tiny_statue_garden, uniq_aizul, uniq_margery
Vaults:3: nicolae_vaults_closet_pinwheel_3, gammafunk_its_a_trap,
          nicolae_vaults_tangram_2, grunt_vaults_focal, v_rooms_2, v_misc_8,
          nicolae_vaults_storage_closets_1, vaults_room_fours,
          nicolae_vaults_offset_grid_hallway_3, vaults_room_fours,
          nicolae_vaults_more_shelving_1, nicolae_vaults_layer_cake_slice,
          nicolae_vaults_apartment_1, layout_vaults_omnicross, serial_shops,
          shop
Vaults:4: nicolae_vaults_hexular_roomagon, nicolae_vaults_asterisk,
          st_octagons_1, nicolae_vaults_apartment_1,
          nicolae_vaults_network_barrier, v_misc_5, nicolae_vaults_turnstiles,
          nicolae_vaults_little_ls, layout_vaults_chaotic_city, serial_shops,
          nicolae_shop_pleasant_corner_grove, uniq_sojobo
Vaults:5: serial_shops
Depths:1: layout_cave_pools, enter_ziggurat_b, hell_entry,
          hangedman_stitches_earthworm, minmay_shop_grove, uniq_mara
Depths:2: gammafunk_sealed_arena, layout_cave_shapes, serial_bayou,
          serial_bayou_crossing, serial_bayou_shore_a, serial_bayou_pond_a,
          serial_bayou_lagoon_a, hell_entry,
          muffindrake_ghost_three_little_ghosts, minmay_misc_feat_alley,
          pan_entry
Depths:3: dreamdust_hydra_shepherd, layout_long_grid, serial_shops,
          nicolae_shop_tiny_waterfront, nicolae_abyss_entry_one_way_or_another,
          hell_entry, hangedman_abyss_or_decor_clamps,
          hangedman_decor_diamond_cutter, kiku_gazebo_pond_becter,
          infiniplex_staircase_pool_2, uniq_mennas, uniq_parghit
Depths:4: grunt_zot_entry_bicorn, layout_gridlike,
          pf_vacation_house_of_asmodeus, nicolae_elyvilon_peaceful_grove,
          uniq_jory
Hell
Geh:1:    layout_gehenna_pools_basic
Geh:2:    layout_gehenna_pools_basic, lemuel_hellish_altar
Geh:3:    layout_gehenna_lava_caves, nicolae_geh_niches_of_the_damned
Geh:4:    layout_gehenna_lava_caves
Geh:5:    layout_gehenna_pools_box, nicolae_geh_fourpack
Geh:6:    layout_gehenna_lava_caves, lemuel_flamethrower_2
Geh:7:    geh_hangedman
Zot:1:    layout_misc_corridors, uniq_tiamat, uniq_grunn
Zot:2:    layout_basic
Zot:3:    layout_cathedral_of_symmetry, zot_minivault_7
Zot:4:    gammafunk_mikee_crab_dinner, layout_gridlike, nicolae_shop_clearance
Zot:5:    layout_basic

Skill      XL: |  1  2  3  4  5  6  7  8  9 10 11 12 13 14 15 16 17 18 19 20 21 22 23 24 25 26 27 |
---------------+----------------------------------------------------------------------------------+-----
Necromancy     | 1 2 4 9 11 13 | 13.3
Polearms       | 3 4 5 6 7 9 10 11 15 16 17 20 22 23 24 26 | 26.0
Fighting       | 3 4 5 6 8 10 12 14 15 19 | 19.2
Translocations | 1 2 |  2.8
Spellcasting   | 3 4 5 6 7 9 10 11 14 | 14.6
Armour         | 3 6 7 9 11 12 13 14 15 16 | 16.4
Air Magic      | 2 5 7 |  7.7
Conjurations   | 4 8 9 10 13 14 16 18 | 18.0
Ice Magic      | 4 6 7 |  7.0
Evocations     | 4 5 15 | 15.7
Hexes          | 2 |  2.1
Dodging        | 4 7 10 11 12 | 12.6
Summonings     | 4 6 12 | 12.2
Earth Magic    | 5 |  5.0

Action                     |  1- 3 |  4- 6 |  7- 9 | 10-12 | 13-15 | 16-18 | 19-21 | 22-24 | 25-27 || total
---------------------------+-------+-------+-------+-------+-------+-------+-------+-------+-------++-------
  Melee: Spear             |   210 |   234 |   735 |    51 |       |       |       |       |       ||  1230
         Punch             |     2 |       |    16 |     1 |     7 |       |       |       |       ||    26
         Halberd           |       |       |       |   578 |   677 |  1046 |   177 |       |       ||  2478
         Trident           |       |       |       |   163 |   345 |       |       |       |       ||   508
         Lochaber axe      |       |       |       |       |       |       |   598 |   790 |  2260 ||  3648
         Unarmed           |       |       |       |       |       |       |       |       |     2 ||     2
   Cast: Kiss of Death     |     1 |       |       |       |       |     1 |       |       |       ||     2
         Momentum Strike   |       |     6 |     6 |     3 |     2 |     2 |       |       |       ||    19
         Cigotuvi's Dreadf |       |       |       |     3 |       |       |       |       |       ||     3
         Freezing Cloud    |       |       |       |    12 |    54 |    83 |    36 |    30 |    63 ||   278
         Anguish           |       |       |       |       |       |     4 |     1 |     1 |     1 ||     7
         Conjure Ball Ligh |       |       |       |       |       |     2 |     2 |     2 |       ||     6
         Volatile Blastmot |       |       |       |       |       |     1 |       |       |       ||     1
         Death Channel     |       |       |       |       |       |     6 |    18 |    13 |    10 ||    47
         Summon Ice Beast  |       |       |       |       |       |     3 |     5 |     2 |       ||    10
         Borgnjor's Vile C |       |       |       |       |       |     2 |    21 |    21 |    27 ||    71
         Orb of Destructio |       |       |       |       |       |       |       |     9 |    38 ||    47
         Spellforged Servi |       |       |       |       |       |       |       |       |    23 ||    23
         Haunt             |       |       |       |       |       |       |       |       |    10 ||    10
 Invoke: Curse Item        |       |       |     3 |     4 |     3 |       |       |     3 |     2 ||    15
         Shatter the Chain |       |       |       |     1 |     1 |       |     2 |     1 |     2 ||     7
  Evoke: Wand              |       |     8 |     8 |     9 |    11 |     2 |       |     4 |     1 ||    43
         Phantom mirror    |       |       |       |     2 |     3 |       |     1 |       |       ||     6
    Use: Scroll            |     4 |     4 |    16 |     9 |    12 |     1 |    11 |     1 |     6 ||    64
         Potion            |       |       |     1 |     8 |    11 |     1 |    21 |     9 |    13 ||    64
   Stab: Sleeping          |     3 |     3 |       |       |       |       |       |       |       ||     6
         Paralysed         |       |       |       |     3 |       |       |       |       |       ||     3
         Petrifying        |       |       |       |     1 |       |       |       |       |       ||     1
         Petrified         |       |       |       |     1 |       |       |       |       |       ||     1
         Distracted        |       |       |       |       |     1 |     3 |     2 |    12 |    10 ||    28
 Armour: Leather armour    |    59 |    64 |    92 |       |       |       |       |       |       ||   215
         Skin              |       |       |     4 |       |       |       |       |       |     5 ||     9
         Ring mail         |       |       |    90 |   143 |       |       |       |       |       ||   233
         Acid dragon scale |       |       |       |   208 |   275 |       |       |       |       ||   483
         Chain mail        |       |       |       |       |   295 |   804 |    38 |       |       ||  1137
         Plate armour      |       |       |       |       |       |       |   588 |   599 |  1497 ||  2684
  Dodge: Dodged            |   111 |   101 |   307 |   426 |   756 |   864 |   470 |   326 |  1121 ||  4482
  Block: Other             |       |    38 |    87 |   158 |   178 |   185 |   108 |   114 |   227 ||  1095
